Map: Simulacrum LE

Players

JohnnyV

  • Race: Terran Terran
  • League: Silver
  • Spawn Location: 11:00

GolongLatte

  • Race: Protoss Protoss
  • League: Silver
  • Spawn Location: 5:00

VOD

Have the link to the VOD?

Description

Time

  • Played on: May 8, 2020, 11:17 a.m.
  • Length: 9:54
Show
View Real Time Build Order
Export as new Build Order

JohnnyV Terran 

Build Orders:  

Get SALT Encoding   

  12  0:01  SCV  
  13  0:16  Supply Depot  
  13  0:17  SCV  
  14  0:26  Refinery  
  14  0:29  SCV  
  15  0:41  Barracks  
  15  0:46  SCV  
  16  0:58  SCV  
  17  1:05  Supply Depot  
  17  1:10  SCV  
  18  1:21  Refinery  
  18  1:22  SCV  
  19  1:30  Reaper  
  20  1:34  SCV  
  21  1:51  Factory  
  21  1:53  Orbital Command  
  21  2:14  Barracks Reactor  
  21  2:20  Bunker  
  21  2:40  Factory Tech Lab  
  21  2:44  Command Center  
  21  2:51  Marine x2  
  23  2:59  Engineering Bay  
  23  3:04  SCV  
  24  3:13  Supply Depot  
  24  3:14  Marine x2  
  26  3:56  Marine x2  
  26  3:57  Siege Tank  
  31  4:11  Starport  
  31  4:12  Orbital Command  
  30  4:17  Marine  
  30  4:18  Marine  
  30  4:20  Terran Infantry Weapons Level 1  
  32  4:27  Supply Depot  
  32  4:28  Refinery  
  33  4:31  SCV  
  33  4:41  Marine x2  
  33  4:44  SCV  
  36  4:47  SCV  
  37  4:58  Liberator  
  40  5:05  Siege Tank  
  43  5:11  SCV x2  
  45  5:17  Marine x2  
  47  5:23  SCV  
  48  5:29  SCV  
  49  5:36  Marine x2  
  49  5:41  Barracks  
  51  5:45  Liberator  
  54  5:54  Supply Depot  
  54  5:59  Cyclone, Marine x2  
  59  6:16  Armory  
  59  6:30  Marine  
  59  6:31  Marine  
  59  6:32  Siege Tank  
  64  6:34  Barracks Tech Lab  
  64  7:11  Starport Reactor  
  64  7:12  Siege Tank  
  64  7:13  Marine x2  
  64  7:15  Combat Shield  
  69  7:18  Supply Depot  
  69  7:23  Supply Depot  
  69  7:24  Missile Turret  
  69  7:26  Missile Turret  
  69  7:28  Terran Infantry Armor Level 1  
  69  7:34  Missile Turret  
  69  7:35  SCV  
  69  7:36  Missile Turret  
  70  7:39  SCV  
  70  7:40  Marauder  
  70  7:41  Marine  
  70  7:42  Marine  
  75  7:59  Marine x2, Siege Tank  
  74  8:15  Medivac x2  
  74  8:18  Marauder  
  80  8:34  Missile Turret  
  80  8:35  Missile Turret  
  80  8:37  Missile Turret  
  80  8:49  Marine  
  80  8:50  Marine  
  80  8:51  Marauder  
  84  9:00  Medivac  
  86  9:07  Marine x2  
  88  9:13  Supply Depot  
  88  9:18  SCV x2  
  88  9:23  Refinery  
Show
View Real Time Build Order
Export as new Build Order

GolongLatte Protoss 

Build Orders:  

Get SALT Encoding   

  12  0:02  Probe  
  14  0:14  Probe  
  14  0:20  Pylon  
  14  0:26  Probe  
  15  0:39  Gateway  
  15  0:40  Probe (Chrono Boost)  
  17  0:50  Probe (Chrono Boost)  
  17  0:55  Probe (Chrono Boost)  
  18  1:00  Assimilator  
  18  1:09  Pylon  
  18  1:12  Probe  
  19  1:24  Probe  
  20  1:34  Cybernetics Core  
  20  1:39  Probe  
  21  1:55  Nexus  
  21  2:00  Assimilator  
  21  2:07  Adept (Chrono Boost)  
  21  2:12  Warp Gate  
  22  2:19  Probe  
  23  2:31  Probe  
  24  2:43  Probe, Adept (Chrono Boost)  
  27  2:54  Gateway  
  27  2:55  Gateway  
  27  2:56  Probe  
  28  3:07  Probe  
  28  3:08  Probe  
  30  3:17  Robotics Facility  
  30  3:19  Probe  
  31  3:23  Probe  
  32  3:31  Probe  
  33  3:40  Probe  
  34  3:43  Probe  
  35  3:54  Probe  
  37  3:55  Probe  
  36  4:16  Warp Prism (Chrono Boost)  
  36  4:18  Probe x2  
  40  4:25  Pylon  
  40  4:26  Adept  
  40  4:27  Adept x2  
  46  4:36  Pylon  
  46  4:43  Probe  
  47  4:49  Immortal (Chrono Boost)  
  51  5:04  Nexus  
  51  5:07  Probe x2 (Chrono Boost)  
  53  5:10  Assimilator  
  53  5:12  Sentry x3  
  59  5:16  Probe x2 (Chrono Boost)  
  59  5:18  Pylon  
  61  5:22  Probe  
  61  5:27  Pylon  
  62  5:36  Probe x2  
  62  5:38  Stalker  
  62  5:39  Stalker x2  
  70  5:48  Probe  
  70  5:49  Gateway  
  71  5:53  Probe  
  72  6:00  Probe  
  73  6:05  Probe  
  73  6:08  Assimilator  
  73  6:11  Pylon  
  74  6:12  Probe, Adept  
  77  6:19  Pylon  
  77  6:32  Stalker x3  
  77  7:11  Adept x4  
  77  7:35  Probe (Chrono Boost)  
  79  7:45  Probe (Chrono Boost)  
  79  7:47  Stalker  
  79  7:48  Stalker x3  
  79  7:50  Probe (Chrono Boost)  
  87  7:53  Forge x2  
  84  8:12  Gateway x2  
  82  8:15  Gateway  
  82  8:17  Probe, Gateway  
  82  8:18  Probe x2  
  85  8:24  Stalker x4  
  93  8:29  Probe  
  93  8:30  Probe x2  
  96  8:38  Immortal (Chrono Boost)  
  100  8:42  Probe x2  
  102  8:51  Robotics Bay  
  102  8:54  Probe  
  103  8:56  Stalker x2  
  103  9:00  Probe x2  
  109  9:17  Pylon  
  109  9:20  Pylon  
  109  9:21  Pylon  
  109  9:29  Probe x2  
  109  9:43  Twilight Council  
  109  9:47  Zealot x3  
  109  9:48  Zealot x5  
Tags
 
Add a new tag
Caveats
  • Supply blocks, unpowered buildings, or Contaminate may cause inaccurate times.
  • Supply counts are checked every 10 seconds.